 Dungeon Crawl Stone Soup version 0.18-a0-1312-gf98331d (webtiles) character file.

276 Lathuz the Cudgeler (level 6, -2/79 HPs)
             Began as a Minotaur Berserker on Feb 14, 2016.
             Was a Believer of Trog.
             Succumbed to a goblin's poison
             ... on level 3 of the Dungeon.
             The game lasted 00:04:55 (2193 turns).

Lathuz the Cudgeler (Minotaur Berserker)            Turns: 2193, Time: 00:04:55

Health: -2/79      AC: 23    Str: 22    XL:     6   Next: 4%
Magic:  5/5        EV:  2    Int:  4    God:    Trog [**....]
Gold:   112        SH:  0    Dex: 11    Spells: 0 memorised, 5 levels left

rFire  . . .     SeeInvis .     a - +0 mace
rCold  . . .     Gourm    .     (armour currently unavailable)
rNeg   + + +     Faith    .     (no shield)
rPois  +         Spirit   .     (helmet currently unavailable)
rElec  .         Dismiss  .     (cloak currently unavailable)
rCorr  .         Reflect  .     (gloves currently unavailable)
SustAt .         Harm     .     (boots currently unavailable)
MR     .....     NoTele   +     (no amulet)
Stlth  +.........               (no ring)
                                (no ring)

@: lethally poisoned (-2 -> -17), exhausted, tree-form, slowed, very slow, not
resistant to hostile enchantments, very unstealthy
A: (retaliatory headbutt), (horns 0)
a: Berserk, Trog's Hand, Burn Spellbooks, Renounce Religion


You were on level 3 of the Dungeon.
You worshipped Trog.
Trog was pleased with you.
You were hungry.
You were a tree.
You visited 1 branch of the dungeon, and saw 3 of its levels.

You collected 112 gold pieces.

Inventory:

Hand Weapons
 a - a +0 mace (weapon)
Missiles
 t - 38 stones (quivered)
Armour
 b - a +0 animal skin
 r - a cursed +0 ring mail (melded)
 w - a +0 chain mail
Scrolls
 e - 2 scrolls of amnesia
 f - a scroll of teleportation
 g - a scroll of immolation {unknown}
 i - a scroll of fear {unknown}
 l - a scroll of remove curse {unknown}
 p - a scroll of blinking {unknown}
 s - a scroll of enchant armour {unknown}
Potions
 h - a potion of cure mutation {unknown}
 j - a potion of invisibility {unknown}
 k - a potion of agility {unknown}
 n - 2 potions of resistance {unknown}
 o - a potion of heal wounds {unknown}
 q - 2 potions of lignification
 u - a potion of brilliance {unknown}
 v - a potion of flight {unknown}
Comestibles
 c - 2 bread rations
 m - 3 fruits
 x - 2 chunks of flesh


   Skills:
 + Level 4.4 Fighting
 * Level 7.1 Maces & Flails
 + Level 3.8 Armour
 - Level 2.1 Dodging


You had 5 spell levels left.
You didn't know any spells.

Dungeon Overview and Level Annotations

Branches:
Dungeon (3/15)

Altars:


Innate Abilities, Weirdness & Mutations

((You reflexively headbutt those who attack you in melee.))
((You have a pair of horns on your head.))


Message History

An orc comes into view. It is wielding a short sword.
You barely miss the goblin.
The goblin is severely wounded.
* * * LOW HITPOINT WARNING * * *
You feel sick. The goblin closely misses you. The goblin barely misses you.
You barely miss the goblin.
The goblin is heavily wounded.
* * * LOW HITPOINT WARNING * * *
You feel sick. The goblin closely misses you.
Drink which item? (? for menu, Esc to quit)
You turn into a tree.
Your cursed +0 ring mail melds into your body.
Your roots penetrate the ground.
* * * LOW HITPOINT WARNING * * *
You feel sick. The goblin hits you but does no damage.
You are more poisoned.
The goblin hits you but does no damage.
You closely miss the goblin.
The goblin is heavily wounded.
You die...

### ... # #.# #
######.# ### #
#.....###.. #.#
# .#
#.####.#.#[...#
# ##)
##♣.......
####..
#g.#..###
...... #o...
... ####.#
##..... . #
##.## ....## #
#...# .....#
####<######
....)..
............
.......
####.#######


You could see an orc and a goblin.

Vanquished Creatures
  The ghost of Lathuz the Shield-Bearer, an amateur MiFi (D:3)
  An orc wizard (D:3)
  3 adders
  3 worms
  4 giant geckos
  8 orcs (D:3)
  3 ball pythons
  7 bats
  2 giant cockroaches
  7 goblins
  3 hobgoblins
  7 jackals
  A quokka (D:2)
  A giant newt (D:1)
  3 kobolds
  5 rats
59 creatures vanquished.

Notes
Turn   | Place    | Note
--------------------------------------------------------------
     0 | D:1      | Lathuz the Minotaur Berserker began the quest for the Orb.
     0 | D:1      | Reached XP level 1. HP: 19/19 MP: 0/0
    46 | D:1      | Reached skill level 4 in Maces & Flails
   206 | D:1      | Reached XP level 2. HP: 17/26 MP: 1/1
   866 | D:1      | Reached ** piety under Trog
  1036 | D:1      | Reached skill level 5 in Maces & Flails
  1087 | D:1      | Reached XP level 3. HP: 29/31 MP: 2/2
  2046 | D:2      | Reached XP level 4. HP: 39/39 MP: 3/3
  2099 | D:3      | Reached skill level 6 in Maces & Flails
  2161 | D:3      | Noticed Lathuz's ghost (amateur MiFi)
  2171 | D:3      | Killed Lathuz's ghost
  2171 | D:3      | Reached XP level 5. HP: 40/47 MP: 4/4
  2174 | D:3      | Reached skill level 7 in Maces & Flails
  2185 | D:3      | Reached XP level 6. HP: 12/53 MP: 5/5
  2191 | D:3      | HP: 1/53 [poisoned by a goblin]
  2193 | D:3      | Succumbed to a goblin's poison

Vault maps used:
D:1:      scummos_arrival_simple_crosswalls, kennysheep_small_spiral,
          serial_park_tiny_pond
D:3:      ecumenical_altar_1

Action                   |  1- 3 |  4- 6 || total
-------------------------+-------+-------++-------
Melee: Mace              |    87 |    37 ||   124
Invok: Berserk           |       |     1 ||     1
  Use: Scroll            |       |     3 ||     3
       Potion            |       |     1 ||     1
  Eat: Chunk             |     3 |     1 ||     4
